 Dungeon Crawl Stone Soup version 0.19.0-2-gae57169 (webtiles) character file.

1019 PhynixH2O the Fighter (level 8, 0/78 HPs)
             Began as a Minotaur Berserker on Nov 2, 2016.
             Was a Priest of Trog.
             Slain by a mummy (16 damage)
             ... in an ossuary.
             The game lasted 00:15:15 (4088 turns).

PhynixH2O the Fighter (Minotaur Berserker)          Turns: 4088, Time: 00:15:16

Health: 0/78       AC:  8    Str: 23    XL:     8   Next: 2%
Magic:  7/7        EV: 10    Int:  4    God:    Trog [***...]
Gold:   174        SH:  0    Dex: 11    Spells: 0 memorised, 7 levels left

rFire  . . .     SeeInvis .     a - +0 spear
rCold  . . .     Gourm    .     m - +0 scale mail
rNeg   . . .     Faith    .     (no shield)
rPois  .         Spirit   .     (helmet restricted)
rElec  .         Reflect  .     f - +0 cloak
rCorr  .         Harm     .     (no gloves)
MR     .....                    k - +0 pair of boots
Stlth  ..........               (no amulet)
                                (no ring)
                                (no ring)

@: lethally poisoned (0 -> -1), exhausted, slowed, very slow
A: retaliatory headbutt, horns 2
a: Berserk, Trog's Hand, Burn Spellbooks, Renounce Religion


You were in an ossuary.
You worshipped Trog.
Trog was most pleased with you.
You were near starving.

You visited 1 branch of the dungeon, and saw 5 of its levels.
You also visited: Ossuary.

You collected 174 gold pieces.

Inventory:

Hand Weapons
 a - a +0 spear (weapon)
Armour
 f - a +0 cloak (worn)
 k - a +0 pair of boots (worn)
 m - a +0 scale mail (worn)
 u - a +1 chain mail
Jewellery
 g - a +2 ring of strength {unknown}
Scrolls
 d - 2 scrolls of identify
 e - 3 scrolls of remove curse
 j - a scroll of fog
 n - 2 scrolls of enchant armour
Potions
 i - a potion of heal wounds
 l - a potion of haste
 q - a potion of brilliance
 r - a potion of mutation {unknown}
Comestibles
 c - 4 bread rations
 h - a slice of pizza
 o - 4 meat rations
 p - 3 fruits


   Skills:
 + Level 9.1 Fighting
 - Level 8.2 Polearms
 - Level 2.4 Armour
 - Level 2.1 Dodging


You had 7 spell levels left.
You didn't know any spells.

Dungeon Overview and Level Annotations

Branches:
Dungeon (5/15)             Temple (0/1) D:4

Altars:

Shops:
D:4 !


Innate Abilities, Weirdness & Mutations

You reflexively headbutt those who attack you in melee.
You have a pair of horns on your head.


Message History

Trog accepts your kill.
You feel sick.
You hit the mummy.
The mummy is moderately damaged.
You feel sick. The mummy hits you but does no damage.
You puncture the mummy!
The mummy is heavily damaged.
You hit the mummy. Your headbutt misses the mummy.
The mummy is severely damaged.
You feel sick. The mummy hits you!
* * * LOW HITPOINT WARNING * * *
You are too injured to fight recklessly!
You are too injured to fight recklessly!
You are too injured to fight recklessly!
You hit the mummy but do no damage.
The mummy is severely damaged.
You hit the mummy but do no damage.
The mummy is severely damaged.
You feel sick. The mummy hits you!
You die...

# #^..# # #^^.# #
#^^.# # #..^# #
###'# # #...# #
#...# # #...# #
#..@# # ###M# #
#.^^# ##### ####
#.^^# #...#!?!?#
#.^.#
'.∩.#?/[!+.∩.'^..#
#...#??!?#...#^^.#
##### ############


You could see a mummy.

Vanquished Creatures
  Eustachio (D:4)
  The ghost of Bsssss the Sneak, an amateur OpAs (D:3)
  An ogre (D:4)
  4 water moccasin zombies (Ossuary)
  2 vampire bats (D:3)
  A crimson imp (D:5)
  An orc priest (D:4)
  2 orc wizards (D:4)
  A centaur skeleton (D:4)
  Crazy Yiuf (D:3)
  2 worker ants (D:5)
  A big kobold zombie (Ossuary)
  A mummy (Ossuary)
  3 adders
  A gnoll (D:1)
  An adder skeleton (D:4)
  A dart slug (D:1)
  2 leopard geckos
  10 orcs
  11 bats
  4 giant cockroaches
  3 gnoll zombies (Ossuary)
  4 hobgoblins
  2 jackals (D:4)
  3 frilled lizards (D:2)
  10 goblins
  5 hobgoblin zombies (Ossuary)
  9 kobolds
  6 kobold zombies (Ossuary)
  4 orc zombies (Ossuary)
  4 rats
102 creatures vanquished.

Notes
Turn   | Place    | Note
-------+----------+-------------------------------------------
     0 | D:1      | PhynixH2O the Minotaur Berserker began the quest for the Orb.
     0 | D:1      | Reached XP level 1. HP: 19/19 MP: 0/0
   358 | D:1      | Reached XP level 2. HP: 26/26 MP: 1/1
   812 | D:1      | Reached skill level 5 in Polearms
  1072 | D:2      | Reached XP level 3. HP: 29/31 MP: 2/2
  1221 | D:2      | Reached ** piety under Trog
  2010 | D:3      | Reached XP level 4. HP: 39/39 MP: 3/3
  2044 | D:3      | Reached XP level 5. HP: 45/45 MP: 4/4
  2051 | D:3      | Noticed Bsssss's ghost (amateur OpAs)
  2090 | D:3      | Killed Bsssss's ghost
  2090 | D:3      | Reached XP level 6. HP: 36/51 MP: 5/5
  2642 | D:3      | Found a runed door.
  2678 | D:3      | Noticed Crazy Yiuf
  2683 | D:3      | Killed Crazy Yiuf
  2683 | D:3      | Reached skill level 4 in Fighting
  2950 | D:4      | Reached skill level 5 in Fighting
  3276 | D:4      | Reached skill level 6 in Fighting
  3293 | D:4      | Found Zumif's Distillery.
  3308 | D:4      | Reached XP level 7. HP: 63/63 MP: 6/6
  3393 | D:4      | Noticed Eustachio
  3409 | D:4      | Killed Eustachio
  3409 | D:4      | Reached *** piety under Trog
  3409 | D:4      | Reached skill level 7 in Fighting
  3454 | D:4      | Found a staircase to the Ecumenical Temple.
  3700 | D:5      | Entered Level 5 of the Dungeon
  3905 | D:5      | Found a sand-covered staircase.
  3913 | Ossuary  | Entered an ossuary
  3938 | Ossuary  | Reached skill level 8 in Fighting
  4048 | Ossuary  | Reached skill level 9 in Fighting
  4060 | Ossuary  | Reached XP level 8. HP: 78/78 MP: 7/7
  4088 | Ossuary  | Slain by a mummy

Skill      XL: |  1  2  3  4  5  6  7 |
---------------+----------------------+-----
Polearms       | 4 5 7 8 |  8.2
Fighting       | 6 9 |  9.1
Armour         | |  2.4
Dodging        | |  2.1

Action                   |  1- 3 |  4- 6 |  7- 9 || total
-------------------------+-------+-------+-------++-------
Melee: Spear             |    84 |   106 |   130 ||   320
       Headbutt          |     5 |    21 |    25 ||    51
Invok: Berserk           |     2 |     4 |     3 ||     9
  Use: Potion            |     4 |     1 |     3 ||     8
       Scroll            |     1 |     1 |     6 ||     8
  Eat: Chunk             |     5 |     4 |     4 ||    13
       Bread ration      |       |     1 |       ||     1
Armor: Animal skin       |     8 |    14 |       ||    22
       Chain mail        |       |    29 |     2 ||    31
       Scale mail        |       |       |    19 ||    19
Dodge: Dodged            |    30 |    57 |    29 ||   116
